 Dungeon Crawl Stone Soup version 0.32-a0-675-gdc239d62e1 (webtiles) character file.

Game seed: 7082334053571988309

205 lonewolfV2 the Chopper (level 5, -1/46 HPs)
             Began as a Demigod Fighter on Mar 11, 2024.
             Slain by a black bear (3 damage)
             ... on level 4 of the Dungeon.
             The game lasted 00:04:55 (2591 turns).

lonewolfV2 the Chopper (Demigod Fighter)            Turns: 2591, Time: 00:04:57

Health: -1/46      AC: 11    Str: 17    XL:     5   Next: 27%
Magic:  7/7        EV:  4    Int: 10    God:
Gold:   141        SH:  5    Dex: 17    Spells: 4/4 levels left

rFire   . . .        a - +0 war axe
rCold   . . .        c - +0 buckler
rNeg    . . .        l - +0 plate armour
rPois   .            (no helmet)
rElec   .            (no cloak)
rCorr   .            (no gloves)
SInv    .            (no boots)
Will    .....        (no amulet) Stlth
                     (no ring)
HPRegen 0.27/turn    (no ring)
MPRegen 0.10/turn

%: no passive effects
@: no status effects
A: high MP 1, forlorn, divine attributes
a: no special abilities


You were on level 4 of the Dungeon.
You visited 1 branch of the dungeon, and saw 4 of its levels.

You collected 141 gold pieces.

Inventory:

Hand Weapons
 a - a +0 war axe (weapon)
Armour
 c - a +0 buckler (worn)
 l - a +0 plate armour (worn)
Wands
 n - a wand of flame (16)
Scrolls
 e - a scroll of vulnerability
Potions
 b - a potion of degeneration {unknown}
 d - a potion of might
 f - a potion of cancellation {unknown}
 g - 2 potions of enlightenment {unknown}
 h - a potion of berserk rage {unknown}
 i - a potion of lignification {unknown}
 j - a potion of haste {unknown}
 k - 3 potions of curing {unknown}
 m - a potion of attraction {unknown}


   Skills:
 + Level 4.0 Fighting
 + Level 4.4 Axes
 - Level 2.6 Armour
 - Level 2.6 Shields


You had 4 spell levels left.
You didn't know any spells.
Your spell library contained the following spells:

 Spells                   Type           Power      Damage    Failure   Level
 Slow                     Hex            0%         N/A       100%        1


Dungeon Overview and Level Annotations

Branches:
Dungeon (4/15)
 Temple: D:4-7


Innate Abilities, Weirdness & Mutations

You have an increased reservoir of magic. (+10% MP)
You shall have no god before yourself.
Your divine heritage dramatically boosts your attributes as you level up.


Message History

The black bear goes berserk!
You block the black bear's attack.
The black bear claws you but does no damage.
You block the black bear's attack.
Unknown command.
You hit the black bear.
The black bear is almost dead.
The black bear bites you but does no damage.
The black bear barely misses you. The black bear claws you.
The black bear bites you but does no damage.
The black bear claws you but does no damage.
You block the black bear's attack.
You hit the black bear but do no damage.
The black bear is almost dead.
The black bear bites you!
* * * LOW HITPOINT WARNING * * *
The black bear claws you but does no damage.
The black bear claws you.
* * * LOW HITPOINT WARNING * * *
The black bear bites you but does no damage.
The black bear claws you but does no damage.
The black bear barely misses you.
You barely miss the black bear.
The black bear is almost dead.
You block the black bear's attack.
The black bear claws you but does no damage.
You block the black bear's attack.
You completely miss the black bear.
The black bear is almost dead.
The black bear bites you but does no damage.
The black bear claws you.
* * * LOW HITPOINT WARNING * * *
The black bear claws you but does no damage.
The black bear bites you.
* * * LOW HITPOINT WARNING * * *
You block the black bear's attack.
The black bear claws you but does no damage.
The black bear bites you but does no damage.
The black bear claws you but does no damage.
The black bear claws you.
You die...

.#.## #?## ....#.
#.#. ..#.. ###.#.
....# # #.....##
....##..
##......##.......
#.......:.#...#
#.......#@h..#
..........)..#
#.####..######
#..########.
#...<.......
#.#########. #.
##


You could see a black bear (berserk).

Vanquished Creatures
  Jessica (D:3)
  Ijyb (D:3)
  Terence (D:2)
  Robin (D:3)
  4 adders
  A ribbon worm (D:2)
  5 bats
  4 endoplasms
  6 giant cockroaches
  12 hobgoblins
  6 jackals
  6 kobolds
  5 ball pythons
  3 frilled lizards
  13 goblins
  5 rats
74 creatures vanquished.

Notes
Turn   | Place    | Note
-------+----------+-------------------------------------------
     0 | D:1      | lonewolfV2 the Demigod Fighter began the quest for the Orb.
     0 | D:1      | Reached XP level 1. HP: 18/18 MP: 3/3
   202 | D:1      | Reached XP level 2. HP: 21/25 MP: 4/4
   878 | D:2      | Reached XP level 3. HP: 27/31 MP: 5/5
  1255 | D:2      | Got Plato's Directory of the Oath
  1373 | D:2      | Noticed Terence
  1384 | D:2      | Killed Terence
  1497 | D:2      | Reached XP level 4. HP: 31/38 MP: 6/6
  1745 | D:3      | Noticed Robin
  1774 | D:3      | Killed Robin
  1933 | D:3      | Noticed Ijyb
  1947 | D:3      | Killed Ijyb
  2038 | D:3      | Reached XP level 5. HP: 46/46 MP: 7/7
  2239 | D:3      | Noticed Jessica
  2241 | D:3      | Killed Jessica
  2571 | D:4      | Noticed a black bear
  2591 | D:4      | HP: 2/46 [black bear (4)]
  2591 | D:4      | Slain by a black bear

Illustrated notes

Levels and vault maps discovered:
D:1:      roderic_dead_forest, layout_loops_ring, dk_noncrumbling_3
D:2:      layout_basic, shapermc_ecumenical_altar_rom_forum,
          nrook_loot_triangle, uniq_terence
D:3:      layout_basic, mainiacjoe_overflow_boulevard, lemuel_tele_altar,
          grunt_ministairs_9, nicolae_elevator_lobby_asterisk, uniq_ijyb,
          uniq_jessica, uniq_robin
D:4:      layout_loops_ring, mainiacjoe_overflow_cross_hatched,
          amcnicky_altar_gilded, overflow_temple_1_default,
          minmay_temple_entry_waves, uniq_natasha

Skill      XL: |  1  2  3  4  5 |
---------------+----------------+-----
Axes           | 2 3 4 |  4.4
Fighting       | 3 4 |  4.0
Armour         | |  2.6
Shields        | |  2.6

Action                     |  1- 3 |  4- 6 || total
---------------------------+-------+-------++-------
  Melee: War axe           |   101 |   102 ||   203
    Use: Scroll            |     2 |     3 ||     5
 Armour: Scale mail        |    38 |       ||    38
         Plate armour      |    52 |   123 ||   175
  Dodge: Dodged            |    29 |    27 ||    56
  Block: Buckler           |    30 |    33 ||    63

Table legend: (Time is in decaauts)
 A = Elapsed time spent in this place.
 B = Non-inter-level travel time spent in this place.
 C = Inter-level travel time spent in this place.
 D = Time resting spent in this place.
 E = Time spent auto-exploring this place.
 F = Levels seen in this place.
 G = Mean time per level.
                   A        B        C        D        E       F      G
               +--------+--------+--------+--------+--------+-----+--------+
         Total |   2665 |   2546 |    119 |    243 |   1665 |   4 |  666.2 |
       Dungeon |   2665 |   2546 |    119 |    243 |   1665 |   4 |  666.2 |
               +--------+--------+--------+--------+--------+-----+--------+

Top non-repeatable levels by time:
     D:2: 939 daAuts
     D:1: 850 daAuts
     D:3: 847 daAuts
     D:4: 27 daAuts
